[Event "FIDE World Rapid Chess Championship 2021"]
[White "Efimenko, Zahar"]
[Black "Van Foreest, Lucas"]
[WhiteFideId "14107201"]
[BlackFideId "1039792"]
[WhiteElo "2609"]
[BlackElo "2374"]
[Result "1-0"]
[Round "05"]
[TimeControl "900+10"]
[Date "2021.12.26"]
[WhiteClock "0:01:32"]
[BlackClock "0:06:14"]

1. Nf3 d5 2. g3 Nf6 3. Bg2 e6 4. O-O Be7 5. c4 O-O 6. b3 d4 7. e3 c5 8. exd4 cxd4 9. d3 Nc6 10. Qe2 Re8 11. Ne5 Nxe5 12. Qxe5 Nd7 13. Qe2 e5 14. Ba3 Qc7 15. Bxe7 Rxe7 16. Nd2 Nc5 17. Ne4 Nxe4 18. Bxe4 f5 19. Bg2 Bd7 20. Bd5+ Be6 21. Qf3 Bxd5 22. Qxd5+ Kh8 23. Rfe1 Rd8 24. Qf3 g6 25. Rad1 a5 26. Re2 e4 27. dxe4 Qe5 28. Rde1 d3 29. Rd2 fxe4 30. Qe3 Qf6 31. Qf4 Kg7 32. Rxe4 Qxf4 33. Rxe7+ Kf6 34. gxf4 Kxe7 35. Kg2 Ke6 36. Kf3 Kf5 37. Ke3 Kg4 38. a3 Kh3 39. b4 axb4 40. axb4 Kxh2 41. c5 h5 42. Rxd3 Re8+ 43. Kf3 Rf8 44. Rd5 h4 45. b5 h3 46. c6 bxc6 47. bxc6 Rc8 48. Rc5 g5 49. fxg5 Rf8+ 50. Kg4 Kg2 51. f4 h2 52. Rc2+ Kg1 53. Rxh2 Kxh2 54. g6 Rf6 55. f5 Rxc6 56. g7 Rc3 57. f6 Rg3+ 58. Kh5 Kh3 59. Kh6 Rg4 60. f7 1-0


[Site "http://www.Chess.com"]

[Event "FIDE World Rapid Chess Championship 2021"]
[White "Erdos, Viktor"]
[Black "Petrovskyi, Vadym"]
[WhiteFideId "719978"]
[BlackFideId "14165210"]
[WhiteElo "2601"]
[BlackElo "2282"]
[Result "1/2-1/2"]
[Round "05"]
[TimeControl "900+10"]
[Date "2021.12.26"]
[WhiteClock "0:00:13"]
[BlackClock "0:09:50"]

1. e4 c5 2. Nf3 d6 3. Bb5+ Bd7 4. c4 Nf6 5. Nc3 g6 6. O-O Bg7 7. d4 cxd4 8. Nxd4 O-O 9. h3 a6 10. Bxd7 Qxd7 11. Be3 Rc8 12. Qe2 Nc6 13. Rad1 Nxd4 14. Bxd4 Qc6 15. b3 e6 16. Rd3 Rd8 17. Rfd1 b5 18. Rf3 e5 19. Nd5 Nxd5 20. cxd5 Qb7 21. Bb2 Bh6 22. Bc1 Bxc1 23. Rxc1 Rac8 24. Rfc3 Rxc3 25. Rxc3 Rc8 26. Qc2 Rxc3 27. Qxc3 Kf8 28. Qc1 Qb6 29. Qc8+ Kg7 30. Qc6 Qd4 31. Qxa6 Qxe4 32. Qxd6 b4 33. Qc5 Qd4 34. Qe7 Qa1+ 35. Kh2 Qd4 36. Kg1 Qa1+ 37. Kh2 Qd4 38. Kg1 Qa1+ 39. Kh2 Qd4 40. a4 Qf4+ 41. Kh1 Qc1+ 42. Kh2 Qf4+ 1/2-1/2


[Site "http://www.Chess.com"]

[Event "FIDE World Rapid Chess Championship 2021"]
[White "Kosakowski, Jakub"]
[Black "Adly, Ahmed"]
[WhiteFideId "1185080"]
[BlackFideId "10601619"]
[WhiteElo "2304"]
[BlackElo "2597"]
[Result "1-0"]
[Round "05"]
[TimeControl "900+10"]
[Date "2021.12.26"]
[WhiteClock "0:01:48"]
[BlackClock "0:05:49"]

1. e4 c5 2. Nf3 Nf6 3. e5 Nd5 4. b3 Nc6 5. Bb2 d6 6. Bb5 Bd7 7. exd6 e6 8. Bxc6 Bxc6 9. Ne5 Qxd6 10. O-O Be7 11. Na3 Bf6 12. Nac4 Qc7 13. Nxc6 Bxb2 14. Nxb2 Qxc6 15. Qg4 O-O 16. Rac1 Rad8 17. a3 Nf6 18. Qe2 Rd4 19. Nc4 Rfd8 20. d3 Nd5 21. g3 Nf6 22. Rfe1 h5 23. Ne5 Qc7 24. a4 R4d5 25. Rcd1 a6 26. Nc4 g6 27. Ne3 Rd4 28. Qf3 Kg7 29. Nc4 Nd5 30. Ra1 Nb4 31. Qe2 Nc6 32. Ne5 Na7 33. Qe3 Nc8 34. Re2 Nd6 35. Rae1 Nf5 36. Qg5 R4d5 37. Nxg6 fxg6 38. Rxe6 Qf7 39. c4 Nd4 40. Rxg6+ Qxg6 41. Re7+ Kf8 42. Qxg6 Kxe7 43. cxd5 Rxd5 44. Qg7+ Ke6 45. Qxb7 Rd6 46. Kg2 Nf5 47. Qc8+ Kf6 48. Qxc5 Rxd3 49. b4 h4 50. b5 axb5 51. axb5 hxg3 52. hxg3 Nd6 53. b6 Ke6 54. Qb4 Kd5 1-0


[Site "http://www.Chess.com"]

[Event "FIDE World Rapid Chess Championship 2021"]
[White "Ivic, Velimir"]
[Black "Bluebaum, Matthias"]
[WhiteFideId "950122"]
[BlackFideId "24651516"]
[WhiteElo "2357"]
[BlackElo "2575"]
[Result "1-0"]
[Round "05"]
[TimeControl "900+10"]
[Date "2021.12.26"]
[WhiteClock "0:06:23"]
[BlackClock "0:01:22"]

1. e4 e6 2. d4 d5 3. Nc3 Nf6 4. e5 Nfd7 5. f4 c5 6. Nf3 cxd4 7. Nxd4 Bc5 8. Be3 O-O 9. Qd2 a6 10. O-O-O Qc7 11. Qf2 b5 12. Bd3 Nb6 13. Qh4 g6 14. Rhe1 b4 15. Nce2 Nc4 16. Bxc4 dxc4 17. Ng3 Be7 18. Qh6 Bb7 19. f5 Qxe5 20. Bg5 Bxg5+ 21. Qxg5 Qa5 22. Qh6 Nd7 23. Nxe6 1-0


[Site "http://www.Chess.com"]

[Event "FIDE World Rapid Chess Championship 2021"]
[White "Samunenkov, Ihor"]
[Black "Alonso Rosell, Alvar"]
[WhiteFideId "14187086"]
[BlackFideId "2270544"]
[WhiteElo "2259"]
[BlackElo "2571"]
[Result "1/2-1/2"]
[Round "05"]
[TimeControl "900+10"]
[Date "2021.12.26"]
[WhiteClock "0:00:23"]
[BlackClock "0:02:03"]

1. d4 Nf6 2. g3 d5 3. Nf3 e6 4. Bg2 b5 5. O-O Be7 6. a4 b4 7. c4 bxc3 8. Nxc3 O-O 9. Bf4 a5 10. Rc1 c6 11. Re1 Na6 12. e4 Nb4 13. Ne5 Bb7 14. exd5 Nfxd5 15. Be3 Rc8 16. Ne4 Ba6 17. Nc5 Bxc5 18. Rxc5 f6 19. Nc4 Bxc4 20. Rxc4 Re8 21. Bf3 e5 22. dxe5 Rxe5 23. Bd4 Rxe1+ 24. Qxe1 Qd7 25. Bc3 Re8 26. Re4 Rxe4 27. Qxe4 Nxc3 28. bxc3 Nd5 29. Bg4 Qe7 30. Be6+ Kf8 31. Bxd5 cxd5 32. Qxd5 Qe1+ 33. Kg2 Qxc3 34. Qd8+ Kf7 35. Qd7+ Kf8 36. Qd8+ Kf7 1/2-1/2


[Site "http://www.Chess.com"]

[Event "FIDE World Rapid Chess Championship 2021"]
[White "Suleymanli, Aydin"]
[Black "Najer, Evgeniy"]
[WhiteFideId "13413937"]
[BlackFideId "4118987"]
[WhiteElo "2202"]
[BlackElo "2565"]
[Result "0-1"]
[Round "05"]
[TimeControl "900+10"]
[Date "2021.12.26"]
[WhiteClock "0:01:56"]
[BlackClock "0:02:32"]

1. d4 Nf6 2. c4 e6 3. Nc3 Bb4 4. f3 c5 5. d5 O-O 6. e4 b5 7. Nh3 d6 8. Nf4 a6 9. Bd2 exd5 10. Nfxd5 Nxd5 11. Nxd5 Bxd2+ 12. Qxd2 Nc6 13. cxb5 Nd4 14. b6 Qh4+ 15. Kd1 Rb8 16. Qf4 Qd8 17. Bc4 Be6 18. g4 Bxd5 19. Bxd5 Qxb6 20. b3 Qa5 21. Qe3 Qa3 22. Qc3 Rb4 23. Ke1 Nb5 24. Qc1 Qa5 25. Qd2 Qd8 26. Kf2 Rd4 27. Qe3 Nc7 28. Rad1 Nxd5 29. exd5 Re8 30. Qc1 Qh4+ 31. Kf1 Qf6 32. Kf2 Rxg4 0-1


[Site "http://www.Chess.com"]

[Event "FIDE World Rapid Chess Championship 2021"]
[White "Salem, A.R. Saleh"]
[Black "Dudin, Gleb"]
[WhiteFideId "9301348"]
[BlackFideId "34184934"]
[WhiteElo "2729"]
[BlackElo "2247"]
[Result "1/2-1/2"]
[Round "05"]
[TimeControl "900+10"]
[Date "2021.12.26"]
[WhiteClock "0:00:38"]
[BlackClock "0:00:11"]

1. d4 d5 2. c4 c6 3. Nc3 Nf6 4. Nf3 dxc4 5. e4 b5 6. Qc2 e6 7. Be2 Nbd7 8. O-O Bb7 9. b3 cxb3 10. axb3 Be7 11. e5 Nd5 12. Nxd5 cxd5 13. Bxb5 O-O 14. Bd2 Nb8 15. Rfc1 Qb6 16. Bd3 Nc6 17. Bxh7+ Kh8 18. Bd3 Rfc8 19. Qd1 Kg8 20. Bg5 Qd8 21. h4 a5 22. Bxe7 Qxe7 23. Ng5 g6 24. Bb5 Nb4 25. Rxc8+ Rxc8 26. Rxa5 Rc3 27. Ra1 Bc6 28. Bxc6 Nxc6 29. Nf3 Qb4 30. h5 Qxb3 31. Qd2 Rxf3 32. gxf3 Qxf3 33. Qg5 Nxd4 34. Ra8+ Kg7 35. Qf6+ Qxf6 36. exf6+ Kh7 37. Rf8 gxh5 38. Rxf7+ Kg6 39. Rf8 Nf3+ 40. Kg2 Ne5 41. Kg3 Nd7 42. Rd8 Nxf6 43. Kf4 e5+ 44. Kxe5 Ng4+ 45. Kf4 Nxf2 46. Rd6+ Kf7 47. Rxd5 Ng4 48. Ra5 Kg6 49. Ra6+ Kf7 50. Kf5 Ne3+ 51. Ke4 Ng4 52. Kf4 Ke7 53. Kf5 Ne3+ 54. Ke5 Ng4+ 55. Kf4 Kf7 56. Kg5 Ke7 57. Ra1 Ke6 58. Re1+ Kd5 59. Kxh5 Ne5 60. Ra1 Ke4 61. Kg5 Nf3+ 62. Kf6 Nd4 63. Ra4 Kd5 64. Ra8 Ke4 65. Ra5 Nf3 66. Ke6 Nd4+ 67. Kd6 Nf5+ 68. Kc5 Ke5 69. Ra1 Ng3 70. Re1+ Ne4+ 71. Kc4 Kf5 72. Kd4 Nf6 73. Re5+ Kg6 74. Ra5 Ng4 75. Ke4 Nf6+ 76. Ke5 Ng4+ 77. Ke6 Nh6 78. Rb5 Ng4 79. Rd5 Nh6 80. Ke5 Nf7+ 81. Ke6 Nh6 82. Rc5 Ng4 83. Rb5 Nh6 84. Ke5 Nf7+ 85. Kf4 Kf6 86. Rb6+ Kg7 87. Kf5 Nh6+ 88. Ke6 Kg6 89. Ke5+ Kg7 90. Re6 Nf7+ 91. Kf4 Nh6 92. Kg5 Nf7+ 93. Kh5 Nd8 94. Rd6 Nf7 95. Ra6 Ne5 96. Re6 Nf7 97. Rg6+ Kf8 98. Ra6 Kg7 99. Kg4 Nh6+ 100. Kf4 Nf7 101. Kf5 Nh6+ 102. Ke5 Nf7+ 103. Ke6 Ng5+ 104. Kf5 Nh7 105. Ra7+ Kg8 106. Re7 Nf8 107. Kf6 Nh7+ 108. Kg6 Nf8+ 109. Kh6 Kh8 110. Rf7 Kg8 111. Rg7+ Kh8 112. Rg4 Nd7 113. Rg3 Nf8 114. Rg1 Nd7 115. Rg2 Nf8 116. Rg7 Ne6 117. Re7 Nf8 118. Ra7 1/2-1/2


[Site "http://www.Chess.com"]

[Event "FIDE World Rapid Chess Championship 2021"]
[White "Artemiev, Vladislav"]
[Black "Yuffa, Daniil"]
[WhiteFideId "24101605"]
[BlackFideId "24131423"]
[WhiteElo "2714"]
[BlackElo "2514"]
[Result "0-1"]
[Round "05"]
[TimeControl "900+10"]
[Date "2021.12.26"]
[WhiteClock "0:00:24"]
[BlackClock "0:00:38"]

1. Nf3 d6 2. d4 Nf6 3. Nc3 Bf5 4. Bg5 Nbd7 5. Nh4 Bg6 6. Nxg6 hxg6 7. e4 e6 8. Qd2 Be7 9. O-O-O c6 10. Bd3 Qb6 11. Be2 d5 12. e5 Ng8 13. Be3 O-O-O 14. Kb1 Kb8 15. f4 c5 16. Bf3 Qc6 17. dxc5 Bxc5 18. Ne2 Bxe3 19. Qxe3 Ne7 20. Rd3 Qb6 21. Qxb6 Nxb6 22. h4 g5 23. fxg5 Nc4 24. b3 Nxe5 25. Re3 N5c6 26. Bg4 e5 27. Rf3 Rdf8 28. h5 f5 29. gxf6 gxf6 30. Rhf1 f5 31. Bxf5 Rxh5 32. Bh3 Rxf3 33. Rxf3 e4 34. Rf8+ Kc7 35. c3 Rh6 36. Kc2 b5 37. b4 a6 38. Kd2 Ne5 39. Nd4 N7c6 40. Nf5 Rg6 41. Ke2 Nd3 42. Rf7+ Kb6 43. Ne3 Rd6 44. Be6 Ndxb4 45. Re7 Nxe7 0-1


[Site "http://www.Chess.com"]

[Event "FIDE World Rapid Chess Championship 2021"]
[White "Petrosyan, Manuel"]
[Black "Harikrishna, Pentala"]
[WhiteFideId "13300857"]
[BlackFideId "5007003"]
[WhiteElo "2514"]
[BlackElo "2705"]
[Result "1-0"]
[Round "05"]
[TimeControl "900+10"]
[Date "2021.12.26"]
[WhiteClock "0:00:38"]
[BlackClock "0:00:18"]

1. d4 Nf6 2. Nf3 d5 3. c4 e6 4. Nc3 Nbd7 5. Bf4 dxc4 6. e3 Nb6 7. Bxc4 Nxc4 8. Qa4+ Bd7 9. Qxc4 Bd6 10. Ne5 O-O 11. O-O h6 12. Rac1 a6 13. Rfd1 Qe7 14. Nxd7 Qxd7 15. Be5 Qe7 16. Bxf6 Qxf6 17. Ne4 Bxh2+ 18. Kxh2 Qh4+ 19. Kg1 Qxe4 20. Qxc7 h5 21. Rc5 h4 22. Qe5 Qxe5 23. Rxe5 Rac8 24. Rc5 b6 25. Rcc1 g5 26. Kh2 Kg7 27. g3 Rh8 28. gxh4 Rxh4+ 29. Kg2 Rch8 30. Rc6 Rh2+ 31. Kf3 g4+ 32. Kxg4 Rxf2 33. Rxb6 Rh6 34. d5 Rg6+ 35. Kh3 Rf3+ 36. Kh4 Rf2 37. Kh3 Rf3+ 38. Kh4 Kh6 39. Rb4 e5 40. d6 Rf2 41. Rg4 Rh2+ 42. Kg3 Rg2+ 43. Kxg2 Rxg4+ 44. Kf3 1-0


[Site "http://www.Chess.com"]

[Event "FIDE World Rapid Chess Championship 2021"]
[White "Kovalev, Vladislav"]
[Black "Kantor, Gergely"]
[WhiteFideId "13504398"]
[BlackFideId "751499"]
[WhiteElo "2647"]
[BlackElo "2454"]
[Result "1/2-1/2"]
[Round "05"]
[TimeControl "900+10"]
[Date "2021.12.26"]
[WhiteClock "0:00:00"]
[BlackClock "0:11:19"]

1. e4 e5 2. Nf3 Nc6 3. Nc3 Nf6 4. d4 exd4 5. Nxd4 Bb4 6. Nxc6 bxc6 7. Bd3 O-O 8. O-O d5 9. exd5 cxd5 10. h3 c6 11. Qf3 Bd6 12. Bf4 Rb8 13. b3 Rb4 14. Ne2 Re8 15. c4 Bxf4 16. Nxf4 Ba6 17. Rfd1 Qc7 18. Rac1 dxc4 19. Bxc4 Bxc4 20. Rxc4 Rxc4 21. bxc4 Qe5 22. g3 Qc5 1/2-1/2


[Site "http://www.Chess.com"]

[Event "FIDE World Rapid Chess Championship 2021"]
[White "Antipov, Mikhail Al."]
[Black "Costachi, Mihnea"]
[WhiteFideId "4107012"]
[BlackFideId "1217518"]
[WhiteElo "2644"]
[BlackElo "2443"]
[Result "1/2-1/2"]
[Round "05"]
[TimeControl "900+10"]
[Date "2021.12.26"]
[WhiteClock "0:00:15"]
[BlackClock "0:00:28"]

1. e4 e5 2. Nf3 Nc6 3. Bc4 Bc5 4. d3 Nf6 5. O-O h6 6. c3 d6 7. Re1 O-O 8. Nbd2 a6 9. a4 Ba7 10. h3 Be6 11. Bxe6 fxe6 12. b4 Nh5 13. Nf1 Nf4 14. Ra2 Qe8 15. Bxf4 Rxf4 16. g3 Qg6 17. Kg2 Raf8 18. N1h2 b5 19. axb5 axb5 20. Qa1 Bb6 21. Ra8 Nb8 22. Re2 Kh7 23. Rea2 R4f6 24. Qd1 R6f7 25. Qe2 Qh5 26. d4 exd4 27. cxd4 Nc6 28. Rxf8 Rxf8 29. d5 exd5 30. Qxb5 Ne7 31. Rd2 Qg6 32. exd5 Qe4 33. h4 Kh8 34. h5 Kh7 35. g4 Kh8 36. Qd3 Qxd3 37. Rxd3 Rf4 38. g5 hxg5 39. Nxg5 Rxf2+ 40. Kg3 Nf5+ 41. Kh3 Kg8 42. Nhf3 Kf8 43. Kg4 Ne3+ 44. Kf4 Nc4 45. Kf5 Ne5 46. Ra3 Ke7 47. Kf4 Rf1 48. Ne4 Nc4 49. Rc3 Ne5 50. Kg3 Nd7 51. Ned2 Rh1 52. Kg4 Nf6+ 53. Kf5 Nxd5 54. Rb3 Rxh5+ 55. Kg6 Nf4+ 56. Kxg7 Rh3 57. Ne4 Rh1 58. Ng3 Nh5+ 59. Nxh5 Rxh5 60. Kg6 Rb5 61. Ng5 Kd7 62. Ne4 Bd4 63. Nd2 Kc6 64. Nf3 Be5 65. Kf5 Kd5 66. Nxe5 dxe5 67. Rd3+ Kc4 68. Rd7 c6 69. Rd6 Rb6 70. Kxe5 Kxb4 71. Rd1 Kc3 72. Rc1+ Kb4 73. Kd4 Ka3 74. Kc5 Rb8 75. Rh1 Rc8 76. Rh6 Kb3 77. Rxc6 Rxc6+ 78. Kxc6 1/2-1/2


[Site "http://www.Chess.com"]

[Event "FIDE World Rapid Chess Championship 2021"]
[White "Sadhwani, Raunak"]
[Black "Howell, David W L"]
[WhiteFideId "35093487"]
[BlackFideId "410608"]
[WhiteElo "2454"]
[BlackElo "2624"]
[Result "1/2-1/2"]
[Round "05"]
[TimeControl "900+10"]
[Date "2021.12.26"]
[WhiteClock "0:01:16"]
[BlackClock "0:00:37"]

1. c4 c6 2. d4 d5 3. Nf3 Nf6 4. e3 a6 5. Nc3 Bf5 6. c5 Nbd7 7. Bd3 Bxd3 8. Qxd3 e5 9. Qc2 e4 10. Nd2 g6 11. Nb3 Bg7 12. Na4 O-O 13. Bd2 Ng4 14. h3 Nh6 15. O-O-O Nf5 16. g3 Re8 17. Kb1 h5 18. Rdg1 Nf8 19. Nb6 Rb8 20. Qd1 Ne6 21. Be1 Ng5 22. Nd2 h4 23. gxh4 Nxh4 24. f4 Ngf3 25. Rg4 Nxd2+ 26. Qxd2 Nf3 27. Qg2 Qe7 28. f5 Rbd8 29. h4 Bh6 30. Bf2 Kh7 31. fxg6+ fxg6 32. Rxg6 Rg8 33. h5 Qf7 34. Rh3 Rxg6 35. hxg6+ Qxg6 36. Bg3 Kg7 37. Be5+ Kf7 38. Rg3 Qf5 39. Rg7+ Bxg7 40. Qxg7+ Ke6 41. Qh6+ Kf7 42. Qg7+ Ke6 43. Qh6+ Kf7 44. Qg7+ 1/2-1/2


[Site "http://www.Chess.com"]

[Event "FIDE World Rapid Chess Championship 2021"]
[White "Faizrakhmanov, Ramil"]
[Black "Dreev, Aleksey"]
[WhiteFideId "24103209"]
[BlackFideId "4100107"]
[WhiteElo "2461"]
[BlackElo "2621"]
[Result "0-1"]
[Round "05"]
[TimeControl "900+10"]
[Date "2021.12.26"]
[WhiteClock "0:00:16"]
[BlackClock "0:00:43"]

1. d4 Nf6 2. c4 e6 3. Nf3 d5 4. Nc3 Nbd7 5. Bf4 dxc4 6. e3 Bd6 7. Bxd6 cxd6 8. Bxc4 O-O 9. O-O Nb6 10. Be2 Bd7 11. a4 Bc6 12. Qb3 a6 13. h3 Nbd5 14. Nd2 Rc8 15. Rfc1 Nxc3 16. Rxc3 Qa5 17. Bf3 Bxf3 18. Nxf3 Qd5 19. Ra3 Ne4 20. Qxd5 exd5 21. Rxc8 Rxc8 22. Ne1 Rc1 23. Kf1 Rb1 24. Ra2 Rd1 25. f3 Ng3+ 26. Kf2 Nf5 27. Ke2 Rb1 28. Nd3 Ng3+ 29. Kf2 Nh1+ 30. Ke2 h5 31. Nf4 Ng3+ 32. Kd2 g5 33. Nxd5 Rg1 34. Ra3 Rxg2+ 35. Kc1 Rf2 36. e4 Ne2+ 37. Kd2 Ng1+ 38. Ke1 Rxf3 39. Rc3 Rxc3 40. bxc3 Kg7 41. Ne7 Kf6 42. Nf5 Ke6 43. Ng7+ Ke7 44. Nxh5 Nxh3 45. a5 g4 46. Ke2 Ng1+ 47. Ke3 Nf3 48. Ng3 Ke6 49. c4 Ne1 50. Kd2 Ng2 51. Ke2 Nh4 52. Ke3 f5 53. Kf4 Ng2+ 54. Kg5 f4 55. Nh5 f3 56. Ng3 f2 57. Nf1 Ne3 58. Nxe3 g3 59. d5+ Kd7 0-1


[Site "http://www.Chess.com"]

[Event "FIDE World Rapid Chess Championship 2021"]
[White "Vastrukhin, Oleg"]
[Black "Amin, Bassem"]
[WhiteFideId "4192770"]
[BlackFideId "10601457"]
[WhiteElo "2382"]
[BlackElo "2614"]
[Result "0-1"]
[Round "05"]
[TimeControl "900+10"]
[Date "2021.12.26"]
[WhiteClock "0:00:33"]
[BlackClock "0:03:34"]

1. Nf3 Nf6 2. g3 g6 3. Bg2 Bg7 4. O-O O-O 5. c4 d6 6. Nc3 e5 7. d3 c6 8. a3 Re8 9. Rb1 h6 10. Bd2 d5 11. cxd5 cxd5 12. d4 e4 13. Ne5 Nbd7 14. Nxd7 Bxd7 15. Qb3 Bc6 16. Rbc1 Qd7 17. a4 Nh5 18. e3 Nf6 19. Qa2 Bf8 20. f3 exf3 21. Rxf3 Ne4 22. Nxe4 dxe4 23. Rf4 Bd5 24. b3 Bd6 25. Rf6 Kg7 26. Rcf1 Rac8 27. Be1 h5 28. g4 hxg4 29. Bh4 Rh8 30. Qf2 Rxh4 31. Qxh4 Rh8 32. Rxg6+ fxg6 33. Qf6+ Kh7 34. Qg5 Be7 35. Qe5 Qd6 0-1


[Site "http://www.Chess.com"]

[Event "FIDE World Rapid Chess Championship 2021"]
[White "Aziz, Husain"]
[Black "Chigaev, Maksim"]
[WhiteFideId "12100293"]
[BlackFideId "4108116"]
[WhiteElo "2430"]
[BlackElo "2605"]
[Result "0-1"]
[Round "05"]
[TimeControl "900+10"]
[Date "2021.12.26"]
[WhiteClock "0:01:02"]
[BlackClock "0:00:29"]

1. e4 c5 2. Nf3 d6 3. Bb5+ Nd7 4. d4 cxd4 5. Qxd4 a6 6. Bxd7+ Bxd7 7. Nc3 h6 8. O-O Bc6 9. Rd1 Nf6 10. a4 e5 11. Qd3 Rc8 12. Nd2 d5 13. Qg3 Qc7 14. exd5 Nxd5 15. Nc4 Nxc3 16. bxc3 f6 17. Be3 Qf7 18. Nb6 Rb8 19. c4 Be7 20. Nd5 h5 21. Qh3 O-O 22. Nxe7+ Qxe7 23. Qxh5 Qe6 24. Qe2 Rfd8 25. a5 Qf5 26. Bb6 Re8 27. Ra3 Kf7 28. h3 Rh8 29. Re3 Rbe8 30. Rg3 Rh4 31. Rd2 g5 32. Rd6 Qe4 33. Qd3 Reh8 34. Qxe4 Rxe4 35. Re3 Rxc4 36. c3 g4 37. Bd8 gxh3 38. Rxh3 Rxh3 39. gxh3 Rf4 40. h4 Rg4+ 41. Kf1 Bb5+ 42. Ke1 Re4+ 43. Kd1 Rf4 44. Ke1 Kg6 45. h5+ Kxh5 46. Bxf6 Kg4 47. Rd5 Rxf6 0-1


[Site "http://www.Chess.com"]

[Event "FIDE World Rapid Chess Championship 2021"]
[White "Quparadze, Giga"]
[Black "Dziuba, Marcin"]
[WhiteFideId "13602250"]
[BlackFideId "1112953"]
[WhiteElo "2583"]
[BlackElo "2424"]
[Result "1-0"]
[Round "05"]
[TimeControl "900+10"]
[Date "2021.12.26"]
[WhiteClock "0:09:49"]
[BlackClock "0:02:37"]

1. e4 c5 2. Nf3 d6 3. d4 cxd4 4. Nxd4 Nf6 5. Nc3 Nc6 6. Nb3 g6 7. Be2 Bg7 8. O-O O-O 9. Bg5 b6 10. f4 Bb7 11. Bf3 b5 12. Kh1 b4 13. Nd5 Nd7 14. e5 dxe5 15. Nxe7+ Nxe7 16. Bxb7 Rb8 17. Bc6 f6 18. Bxd7 fxg5 19. Be6+ Kh8 20. fxg5 Nf5 21. Bxf5 gxf5 22. Qh5 Qe8 23. Qh4 Rc8 24. Rf2 e4 25. Raf1 Qe5 26. Qh5 Qxb2 27. g6 h6 28. c4 Qc3 29. c5 f4 30. Qe2 Qe5 31. Qa6 Rf6 32. Qxc8+ 1-0


[Site "http://www.Chess.com"]

[Event "FIDE World Rapid Chess Championship 2021"]
[White "Halkias, Stelios"]
[Black "Martirosyan, Haik M."]
[WhiteFideId "4201809"]
[BlackFideId "13306553"]
[WhiteElo "2576"]
[BlackElo "2377"]
[Result "0-1"]
[Round "05"]
[TimeControl "900+10"]
[Date "2021.12.26"]
[WhiteClock "0:00:20"]
[BlackClock "0:03:06"]

1. Nf3 Nf6 2. c4 e6 3. g3 d5 4. d4 Bb4+ 5. Nbd2 O-O 6. Bg2 b6 7. O-O Bb7 8. Ne5 a5 9. cxd5 Bxd5 10. Bxd5 Qxd5 11. Ndf3 Bd6 12. Qc2 Nbd7 13. e4 Qb7 14. Re1 Bb4 15. Nxd7 Nxd7 16. Re2 Rac8 17. Qd3 Be7 18. Bf4 Rfd8 19. Rd1 h6 20. Kg2 Bf8 21. Qc2 Nf6 22. Be5 Ng4 23. h3 Nxe5 24. dxe5 b5 25. Red2 Rxd2 26. Rxd2 c5 27. a4 c4 28. axb5 Qxb5 29. Rd4 a4 30. Nd2 c3 31. bxc3 a3 32. Qa4 Qxe5 33. Nc4 Qc5 34. Qa6 Rc7 35. Rd8 Ra7 36. Qd6 Qxd6 37. Nxd6 a2 0-1


[Site "http://www.Chess.com"]

[Event "FIDE World Rapid Chess Championship 2021"]
[White "Ter-Sahakyan, Samvel"]
[Black "Sindarov, Javokhir"]
[WhiteFideId "13302531"]
[BlackFideId "14205483"]
[WhiteElo "2573"]
[BlackElo "2353"]
[Result "0-1"]
[Round "05"]
[TimeControl "900+10"]
[Date "2021.12.26"]
[WhiteClock "0:00:18"]
[BlackClock "0:09:17"]

1. e4 e5 2. Nf3 Nc6 3. Bb5 a6 4. Ba4 Nf6 5. O-O Nxe4 6. d4 b5 7. Bb3 d5 8. dxe5 Be6 9. Nbd2 Nc5 10. c3 Be7 11. Bc2 d4 12. Nb3 d3 13. Bb1 Nxb3 14. axb3 Bf5 15. Be3 O-O 16. Bd4 Qd5 17. Re1 Rfd8 18. h3 d2 19. Re2 Bxb1 20. Rxb1 Nxd4 21. Nxd4 Bg5 22. b4 a5 23. bxa5 c5 24. Nb3 b4 25. g3 bxc3 26. bxc3 Qd3 27. Ra1 Qxc3 28. a6 c4 29. f4 cxb3 0-1


[Site "http://www.Chess.com"]

[Event "FIDE World Rapid Chess Championship 2021"]
[White "Vakhidov, Jakhongir"]
[Black "Teclaf, Pawel"]
[WhiteFideId "14201801"]
[BlackFideId "1185934"]
[WhiteElo "2566"]
[BlackElo "2345"]
[Result "1/2-1/2"]
[Round "05"]
[TimeControl "900+10"]
[Date "2021.12.26"]
[WhiteClock "0:00:18"]
[BlackClock "0:00:40"]

1. c4 b6 2. Nc3 Bb7 3. d4 e6 4. e4 Bb4 5. f3 Ne7 6. Bd3 e5 7. a3 Bxc3+ 8. bxc3 Nbc6 9. Ne2 Na5 10. dxe5 O-O 11. Bg5 d6 12. Bc2 h6 13. Bh4 Nxc4 14. exd6 cxd6 15. Qd4 Rc8 16. O-O Qc7 17. Bb3 Rfe8 18. Bg3 Nf5 19. exf5 Rxe2 20. Rfe1 Rd2 21. Qf4 Qc5+ 22. Kh1 Rd3 23. f6 Rxc3 24. fxg7 Qg5 25. Bxc4 Qxf4 26. Bxf4 R3xc4 27. Bxd6 Kxg7 28. h3 Bd5 29. Rad1 Be6 30. f4 Rc2 31. Kh2 Kh7 32. Re3 Rg8 33. Rg3 Rxg3 34. Kxg3 Bd7 35. Bb4 Bc6 36. Rd2 Rxd2 1/2-1/2


[Site "http://www.Chess.com"]

[Event "FIDE World Rapid Chess Championship 2021"]
[White "Socko, Bartosz"]
[Black "Klimkowski, Jan"]
[WhiteFideId "1107038"]
[BlackFideId "21856222"]
[WhiteElo "2562"]
[BlackElo "2211"]
[Result "1-0"]
[Round "05"]
[TimeControl "900+10"]
[Date "2021.12.26"]
[WhiteClock "0:12:08"]
[BlackClock "0:10:46"]

1. d4 Nf6 2. c4 e6 3. Nf3 Bb4+ 4. Bd2 Qe7 5. g3 Bxd2+ 6. Qxd2 Nc6 7. Nc3 d5 8. cxd5 exd5 9. Bg2 Bg4 10. O-O O-O-O 11. Rfd1 Kb8 12. Rac1 Rhe8 13. Qf4 h6 14. h4 Bc8 15. a3 Ne4 16. Qe3 Qf6 17. Ne5 Nxe5 18. dxe5 Nxc3 19. exf6 Nxe2+ 20. Qxe2 Rxe2 21. fxg7 c6 22. Re1 Rxe1+ 23. Rxe1 Be6 24. Re5 Rg8 25. Rh5 Rxg7 26. Rxh6 d4 27. Kf1 Rg8 28. Ke2 Bc4+ 29. Kd2 Re8 30. Bf3 Ba2 31. Rd6 c5 32. Rd7 Re5 33. Rxb7+ Kc8 34. Rxa7 Kb8 35. Rb7+ Kc8 36. Rb5 Kd8 37. h5 Bb1 38. b4 Rf5 39. bxc5 Ba2 40. h6 Rxf3 41. h7 Rxf2+ 42. Kd3 1-0


[Site "http://www.Chess.com"]

[Event "FIDE World Rapid Chess Championship 2021"]
[White "Wieczorek, Oskar"]
[Black "Theodorou, Nikolas"]
[WhiteFideId "1133950"]
[BlackFideId "4262875"]
[WhiteElo "2367"]
[BlackElo "2559"]
[Result "0-1"]
[Round "05"]
[TimeControl "900+10"]
[Date "2021.12.26"]
[WhiteClock "0:00:50"]
[BlackClock "0:01:12"]

1. e4 e5 2. Nc3 Nf6 3. g3 Bc5 4. Bg2 d6 5. Nge2 Nc6 6. Na4 a5 7. Nxc5 dxc5 8. O-O Qd6 9. d3 h6 10. h3 b6 11. b3 Bb7 12. Bb2 O-O-O 13. f4 Kb8 14. Kh1 Nd7 15. a3 h5 16. f5 a4 17. b4 cxb4 18. axb4 Qxb4 19. Bc3 Qb5 20. Qd2 Nc5 21. Rfb1 Qa6 22. Qg5 g6 23. fxg6 fxg6 24. Bxe5 Nxe5 25. Qxe5 Rhe8 26. Qg5 Nxe4 27. dxe4 Qxe2 28. Re1 Qxc2 29. Rac1 Qf2 30. Rf1 Qd2 31. Qxg6 Qxg2+ 32. Kxg2 Bxe4+ 33. Qxe4 Rxe4 34. Rf7 Rc8 35. Kf3 Rb4 36. g4 hxg4+ 37. hxg4 a3 38. g5 a2 39. Ra1 Ra4 40. Rf4 Ra5 41. Kg4 Rd8 42. Kh5 Rh8+ 43. Kg4 Rh2 44. Rf5 Rg2+ 0-1


[Site "http://www.Chess.com"]

[Event "FIDE World Rapid Chess Championship 2021"]
[White "Sargsyan, Shant"]
[Black "Ghaem Maghami, Ehsan"]
[WhiteFideId "13306766"]
[BlackFideId "12500739"]
[WhiteElo "2344"]
[BlackElo "2553"]
[Result "1-0"]
[Round "05"]
[TimeControl "900+10"]
[Date "2021.12.26"]
[WhiteClock "0:12:20"]
[BlackClock "0:11:47"]

1. d4 Nf6 2. c4 e6 3. Nf3 c5 4. Nc3 cxd4 5. Nxd4 Bb4 6. g3 Ne4 7. Qc2 Nxc3 8. bxc3 Be7 9. Bg2 Qc7 10. Nb5 Qxc4 11. Qb3 Qxb3 12. axb3 Kd8 13. Bf4 Na6 14. Rxa6 bxa6 15. Bc7+ Ke8 16. Nd6+ 1-0


[Site "http://www.Chess.com"]